 Dungeon Crawl Stone Soup version 0.29.1-1-gd02db6906a (webtiles) character file.

Game seed: 3921056476874731574

2444 pacmanke6689 the Cleaver (level 9, 0/79 HPs)
             Began as a Hill Orc Fighter on Sept 25, 2022.
             Was an Initiate of Beogh.
             Slain by a yak (6 damage)
             ... on level 8 of the Dungeon.
             The game lasted 00:20:36 (9019 turns).

pacmanke6689 the Cleaver (Hill Orc Fighter)         Turns: 9019, Time: 00:20:37

Health: 0/79       AC: 11    Str: 19 (21) XL:     9   Next: 49%
Magic:  11/11      EV: 10    Int:  8      God:    Beogh [......]
Gold:   436        SH:  5    Dex: 12      Spells: 9/10 levels left

rFire   . . .      SeeInvis .   a - +2 war axe
rCold   . . .      Faith    .   c - +0 buckler
rNeg    . . .      Spirit   .   o - +0 scale mail
rPois   .          Reflect  .   g - +0 helmet
rElec   .          Harm     .   b - +1 cloak
rCorr   .          Rampage  .   (no gloves)
Will    .....                   (no boots)
Stlth   ..........              (no amulet)
HPRegen 0.23/turn               (no ring)
MPRegen 0.12/turn               (no ring)

@: brilliant
A: no striking features
a: Renounce Religion


You were on level 8 of the Dungeon.
You worshipped Beogh.
Beogh was noncommittal.
You visited 1 branch of the dungeon, and saw 8 of its levels.

You collected 436 gold pieces.

Inventory:

Hand Weapons
 a - a +2 war axe (weapon)
Armour
 b - a +1 cloak (worn)
 c - a +0 buckler (worn)
 g - a +0 helmet (worn)
 o - a +0 scale mail (worn)
Wands
 e - a wand of flame (17)
Scrolls
 l - a scroll of teleportation
 n - 2 scrolls of fog
Potions
 j - 7 potions of attraction
 p - a potion of haste


   Skills:
 + Level 7.4 Fighting
 + Level 10.3 Axes
 + Level 7.4 Armour
 + Level 1.7 Dodging
 + Level 1.0 Stealth
 + Level 4.6 Shields
 + Level 1.3 Spellcasting
 + Level 1.9 Transmutations


You had 9 spell levels left.
You knew the following spells:

 Your Spells              Type           Power      Damage    Failure   Level
a - Beastly Appendage     Tmut           10%        N/A       52%         1

Your spell library contained the following spells:

 Spells                   Type           Power      Damage    Failure   Level
 Wereblood                Tmut           5%         N/A       65%         2
 Slow                     Hex            0%         N/A       78%         1
 Blink                    Tloc           0%         N/A       89%         2
 Spider Form              Tmut/Pois      3%         N/A       95%         3
 Ignite Poison            Fire/Tmut/Pois 2%         N/A       96%         3
 Call Canine Familiar     Summ           0%         N/A       98%         3
 Confusing Touch          Hex            0%         N/A       98%         3
 Conjure Flame            Conj/Fire      0%         6-21      98%         3
 Lesser Beckoning         Tloc           0%         N/A       98%         3
 Portal Projectile        Hex/Tloc       0%         N/A       98%         3
 Vampiric Draining        Necr           0%         2d6       98%         3
 Leda's Liquefaction      Hex/Erth       0%         N/A       100%        4
 Sticky Flame             Conj/Fire      0%         2d3       100%        4
 Manifold Assault         Tloc           0%         N/A       100%        5


Dungeon Overview and Level Annotations

Branches:
Dungeon (8/15)             Temple (0/1) D:6
   Lair: D:8-11

Altars:
Cheibriados
Dithmenos
Elyvilon
Fedhas
Gozag
Nemelex Xobeh
Ru
Uskayaw
Vehumet
Wu Jian
The Shining One

Shops:
D:4 (   D:5 :   D:7 **

Annotations:
D:8 4 runed translucent doors


Message History

The yak gores you!
There is an open door, spattered with blood here.
You hit the yak.
The yak is moderately wounded.
You hit the yak. The yak gores you but does no damage.
The yak barely misses you.
You slash the yak!
The yak is severely wounded.
You hit the yak. x2
You hit the yak.
The yak is severely wounded.
You hit the yak but do no damage. You barely miss the yak.
The yak gores you but does no damage. The yak gores you.
The yak gores you but does no damage.
You hit the yak.
The yak is severely wounded.
You hit the yak. You slash the yak! The yak gores you but does no damage.
The yak gores you. The yak gores you!
* * * LOW HITPOINT WARNING * * *
The yak gores you but does no damage. The yak gores you!
* * * LOW HITPOINT WARNING * * *
The yak gores you but does no damage.
You feel better. The yak gores you.
* * * LOW HITPOINT WARNING * * *
The yak closely misses you. The yak gores you but does no damage.
You feel better. The yak closely misses you. x2
The yak gores you but does no damage.
You feel clever all of a sudden. The yak gores you!
* * * LOW HITPOINT WARNING * * *
The yak completely misses you. You block the yak's attack.
You hit the yak but do no damage.
The yak is severely wounded.
You hit the yak but do no damage. You slash the yak! The yak gores you.
* * * LOW HITPOINT WARNING * * *
The yak gores you.
* * * LOW HITPOINT WARNING * * *
The yak barely misses you. The yak attacks as you move away! The yak gores you.
You die...

###+##..#hhHhh.
#....#..#hYlhh.
....#..#YhHHhh
...#!.###++++
#..#.......).
##..#.........
#...#Y........
#>..@YY#######
#...#Y.......#
#####........#
#........#+##
######......#
#....!.#
#......#
#......#
####+#......#


You could see a death yak, 3 manticores, 3 polar bears, 5 yaks and a wyvern.

Vanquished Creatures
  An ugly thing (D:7)
  A wraith (D:7)
  A water moccasin (D:7)
  Edmund (D:5)
  Pargi (D:3)
  2 black bears
  4 ogres
  2 centaurs (D:7)
  A bullfrog (D:7)
  4 scorpions
  A howler monkey (D:5)
  A jelly (D:5)
  6 hounds
  An iron imp (D:7)
  Crazy Yiuf (D:3)
  2 iguanas
  Robin (D:4)
  4 gnolls (D:3)
  6 adders
  A shadow imp (D:6)
  A white imp (D:7)
  2 ufetubi
  5 worms
  5 dart slugs
  10 orcs
  6 ball pythons
  7 endoplasms
  2 giant cockroaches
  13 goblins
  8 hobgoblins
  9 jackals
  6 quokkas
  9 bats
  7 frilled lizards
  7 kobolds
  7 rats
146 creatures vanquished.

Notes
Turn   | Place    | Note
-------+----------+-------------------------------------------
     0 | D:1      | pacmanke6689 the Hill Orc Fighter began the quest for the
                  | Orb.
     0 | D:1      | Reached XP level 1. HP: 19/19 MP: 1/1
    88 | D:1      | Reached XP level 2. HP: 27/27 MP: 2/2
   383 | D:1      | Reached skill level 3 in Axes
   588 | D:1      | Reached XP level 3. HP: 33/33 MP: 3/3
  1386 | D:2      | Reached XP level 4. HP: 40/40 MP: 4/4
  1392 | D:2      | Learned a level 1 spell: Beastly Appendage
  1593 | D:2      | Identified the +4 sling of Animal Spirits {freeze, rElec
                  | rF+ Int+2}
  2208 | D:3      | Noticed Pargi
  2221 | D:3      | Killed Pargi
  2222 | D:3      | Reached skill level 4 in Axes
  2222 | D:3      | Reached skill level 1 in Transmutations
  2222 | D:3      | Reached XP level 5. HP: 41/46 MP: 3/6
  2295 | D:3      | Found a faded altar of an unknown god.
  2409 | D:3      | Noticed an ogre
  2418 | D:3      | Killed an ogre
  2419 | D:3      | Reached skill level 5 in Axes
  2419 | D:3      | Reached skill level 1 in Spellcasting
  2419 | D:3      | Reached XP level 6. HP: 12/53 MP: 7/7
  3186 | D:3      | Noticed a black bear
  3194 | D:3      | Killed a black bear
  3195 | D:3      | Reached skill level 6 in Axes
  3195 | D:3      | Reached skill level 5 in Armour
  3195 | D:3      | Reached XP level 7. HP: 58/60 MP: 6/8
  3245 | D:3      | Found a runed translucent door.
  3246 | D:3      | Noticed Crazy Yiuf
  3459 | D:3      | Found a faded altar of an unknown god.
  3465 | D:3      | Found a shadowy altar of Dithmenos.
  3592 | D:3      | Killed Crazy Yiuf
  4001 | D:4      | Found Jozehots's Weapon Shoppe.
  4005 | D:4      | Noticed Robin
  4016 | D:4      | Killed Robin
  4095 | D:4      | Reached skill level 5 in Fighting
  4495 | D:4      | Reached skill level 7 in Axes
  4498 | D:4      | Found a white marble altar of Elyvilon.
  4846 | D:5      | Entered Level 5 of the Dungeon
  4877 | D:5      | Noticed Edmund
  4889 | D:5      | Killed Edmund
  5173 | D:5      | Reached XP level 8. HP: 60/69 MP: 9/9
  5413 | D:5      | Found Ziusu's Book Boutique.
  5440 | D:5      | Reached skill level 1 in Dodging
  5567 | D:5      | Reached skill level 8 in Axes
  6103 | D:6      | Found a staircase to the Ecumenical Temple.
  7098 | D:7      | Noticed a brown ugly thing
  7101 | D:7      | Noticed a wraith
  7111 | D:7      | Killed a brown ugly thing
  7112 | D:7      | Reached skill level 9 in Axes
  7112 | D:7      | Reached XP level 9. HP: 79/79 MP: 10/10
  7149 | D:7      | Reached skill level 10 in Axes
  7522 | D:7      | Became a worshipper of Beogh the Brigand
  7549 | D:7      | Found a blossoming altar of Fedhas.
  7555 | D:7      | Found an ornate altar of the Wu Jian Council.
  7559 | D:7      | Found an opulent altar of Gozag.
  7565 | D:7      | Found a sacrificial altar of Ru.
  7570 | D:7      | Found a glowing golden altar of the Shining One.
  7576 | D:7      | Found a sparkling altar of Nemelex Xobeh.
  7580 | D:7      | Found a hide-covered altar of Uskayaw.
  7607 | D:7      | Found a radiant altar of Vehumet.
  7731 | D:7      | Reached skill level 1 in Stealth
  8193 | D:7      | Found Casch's Specific Store.
  8195 | D:7      | Found Qeth's General Store.
  8264 | D:7      | Found a snail-covered altar of Cheibriados.
  9004 | D:8      | Found a huge runed translucent gate.
  9004 | D:8      | Noticed a manticore
  9004 | D:8      | Noticed a polar bear
  9004 | D:8      | Noticed a manticore
  9004 | D:8      | Noticed a polar bear
  9004 | D:8      | Noticed a polar bear
  9005 | D:8      | Found a huge runed translucent gate.
  9005 | D:8      | Found a huge runed translucent gate.
  9005 | D:8      | Found a huge runed translucent gate.
  9005 | D:8      | Noticed a polar bear
  9005 | D:8      | Noticed a death yak
  9005 | D:8      | Noticed a manticore
  9019 | D:8      | Slain by a yak

Illustrated notes

Levels and vault maps discovered:
D:1:      wander_arrival_peaceful_grave, layout_basic
D:2:      layout_basic
D:3:      kennysheep_big_flooded_room, layout_basic,
          nicolae_overflow_ecumenical_swirl,
          shapermc_ecumenical_altar_mp_vishouse, uniq_pargi,
          uniq_crazy_yiuf_cottage
D:4:      layout_basic, old_standard_altar, serial_shops,
          nicolae_shop_window_shopping, minmay_misc_feat_encased,
          minmay_misc_feat_x, nicolae_concentric_dashed_squares_mild, uniq_robin
D:5:      layout_rooms, serial_shops, kennysheep_mini_moat,
          kennysheep_generic_room_2, uniq_edmund
D:6:      layout_basic, minmay_temple_entry_junction
D:7:      layout_basic, chei_slow_surprise, grunt_temple_overflow_octagram,
          vehumet_crystals, nicolae_specific_store,
          minmay_misc_feat_four_crosses, minmay_small_thing
D:8:      lemuel_bear_cage, layout_gridville

Skill      XL: |  1  2  3  4  5  6  7  8  9 |
---------------+----------------------------+-----
Fighting       | 4 5 7 |  7.4
Axes           | 3 4 5 6 7 9 10 | 10.3
Armour         | 4 5 7 |  7.4
Transmutations | 1 |  1.9
Spellcasting   | 1 |  1.3
Shields        | 4 |  4.6
Dodging        | 1 |  1.7
Stealth        | 1 |  1.0

Action                   |  1- 3 |  4- 6 |  7- 9 || total
-------------------------+-------+-------+-------++-------
Melee: War axe           |    95 |   113 |   211 ||   419
       Kick              |       |     3 |     2 ||     5
       Headbutt          |       |     3 |     1 ||     4
 Cast: Beastly Appendage |       |     7 |    11 ||    18
Invok: Convert to Beogh  |       |       |     1 ||     1
  Use: Potion            |       |     5 |     8 ||    13
       Scroll            |       |     3 |    15 ||    18
Armor: Scale mail        |    44 |    54 |    87 ||   185
Dodge: Dodged            |    39 |    57 |   108 ||   204
Block: Buckler           |     9 |    36 |    53 ||    98
